AoeStats
← Saarba

Arena

509003182Analyzed
4v4 RM · 8d ago on Sep 25, 2026· 59m 46s· 8 players
Game mode
Random Map
Map size
Large (8 player)
Population
200
Speed
Normal
Resources
Standard
Victory
Conquest
Starting age
Dark Age
Ending age
Imperial Age
RankedLock teamsTeams togetherTeam positionsShared explorationLock speedFull tech treeHidden civsTurbo modeCheats
Victory
Defeat
🇨🇴 Celts · Colombia
1276
+16
🇹🇼 Persians · Taiwan
1271
+16
🇺🇸 Varangians · United States
1261
+16
🇨🇳 Magyars · China
1260
+16
🇨🇴 Lithuanians · Colombia
1312
-18
🇪🇸 Bohemians · Spain
1278
-16
🇨🇴 Portuguese · Colombia
1261
-16
🇨🇴 Spanish · Colombia
1224
-14
帝国F.海峰
10:13 Feudal Age
13:54 Castle Age
12:21 Double-Bit Axe
12:33 Horse Collar
24:13 Wheelbarrow
24:00 Gold Mining
24:35 Heavy Plow
25:32 Hand Cart
26:04 Bow Saw
29:22 Imperial Age
26:59 Fletching
27:10 Padded Archer Armor
27:43 Ballistics
28:03 Gold Shaft Mining
28:23 Bodkin Arrow
28:43 Leather Archer Armor
28:55 Masonry
29:45 Bloodlines
29:36 Husbandry
29:47 Thumb Ring
30:05 Recurve Bow
31:08 Chemistry
29:35 Heavy Cavalry Archer
31:21 Parthian Tactics
31:01 Bracer
31:46 Ring Archer Armor
32:39 Two-Man Saw
32:17 Conscription
32:08 Scale Barding Armor
32:42 Crop Rotation
33:57 Corvinian Army
34:22 Chain Barding Armor
36:28 Elite Magyar Huszar
42:32 Plate Barding Armor
43:12 Hoardings
45:30 Caravan
46:47 Coinage
52:55 Banking
yugiohcards7039
7:44 Loom
10:49 Feudal Age
15:30 Castle Age
13:19 Horse Collar
13:58 Double-Bit Axe
17:23 Bow Saw
25:08 Gold Mining
25:46 Heavy Plow
26:28 Wheelbarrow
27:32 Hand Cart
28:23 Stone Mining
29:22 Masonry
31:54 Imperial Age
30:21 Pikeman
31:01 Squires
31:22 Scale Mail Armor
31:33 Forging
33:12 Chain Mail Armor
33:46 Man-at-Arms
33:50 Elite Varangian Guard
38:05 Two-Man Saw
37:37 Crop Rotation
43:21 Stone Shaft Mining
45:24 Pikeman
46:49 Plate Mail Armor
46:54 Iron Casting
46:06 Halberdier
49:45 Blast Furnace
49:18 Conscription
51:10 Padded Archer Armor
51:01 Fletching
50:50 Elite Skirmisher
52:19 Leather Archer Armor
52:42 Bodkin Arrow
53:14 Ballistics
53:56 Chemistry
53:54 Bracer
55:47 Siege Engineers
57:37 Ring Archer Armor
hargir
2:26 Loom
10:15 Feudal Age
14:43 Castle Age
13:07 Double-Bit Axe
13:29 Horse Collar
24:16 Bow Saw
27:16 Wheelbarrow
26:12 Pikeman
30:53 Imperial Age
28:22 Gold Mining
29:26 Scale Mail Armor
30:01 Padded Archer Armor
30:49 Chain Mail Armor
31:06 Halberdier
31:20 Capped Ram
32:15 Siege Ram
32:31 Man-at-Arms
33:57 Gold Shaft Mining
37:13 Conscription
39:27 Heavy Plow
39:45 Onager
41:07 Plate Mail Armor
40:53 Leather Archer Armor
43:26 Furor Celtica
44:26 Ring Archer Armor
46:28 Hand Cart
45:59 Town Watch
46:24 Caravan
47:49 Siege Onager
49:12 Town Patrol
53:30 Siege Onager
56:59 Siege Engineers
58:21 Forging
58:37 Ballistics
chengaopeng044
0:39 Loom
10:38 Feudal Age
14:16 Castle Age
12:08 Double-Bit Axe
13:47 Bloodlines
19:29 Wheelbarrow
19:49 Scale Barding Armor
22:36 Forging
22:34 Town Watch
23:02 Bow Saw
23:45 Horse Collar
26:25 Hand Cart
27:07 Chain Barding Armor
28:43 Stone Mining
29:19 Gold Mining
32:06 Heavy Plow
34:27 Gold Shaft Mining
34:10 Husbandry
37:32 Imperial Age
37:02 Iron Casting
36:18 Fletching
37:24 Kamandaran
38:13 Conscription
37:15 Cavalier
38:19 Ballistics
39:10 Coinage
40:26 Two-Man Saw
41:27 Plate Barding Armor
40:51 Bodkin Arrow
41:32 Crossbowman
42:23 Thumb Ring
43:49 Chemistry
42:50 Padded Archer Armor
44:02 Leather Archer Armor
44:50 Blast Furnace
43:47 Savar
52:10 Light Cavalry
55:38 Ring Archer Armor
55:10 Scale Mail Armor
56:36 Banking
58:33 Stone Shaft Mining
Elfo Jhon
11:03 Feudal Age
15:56 Castle Age
15:53 Loom
19:40 Wheelbarrow
23:07 Double-Bit Axe
26:59 Hand Cart
32:04 Scale Barding Armor
33:53 Bow Saw
38:35 Imperial Age
36:22 Gold Mining
36:34 Fletching
36:34 Elite Skirmisher
37:22 Bodkin Arrow
41:31 Two-Man Saw
57:57 Chemistry
57:18 Ballistics
57:49 Bracer
57:50 Padded Archer Armor
7azor7
1:25 Loom
10:44 Feudal Age
14:23 Castle Age
12:21 Double-Bit Axe
15:28 Bow Saw
16:04 Wheelbarrow
16:11 Wheelbarrow
20:49 Horse Collar
30:04 Imperial Age
28:36 Scale Barding Armor
28:42 Forging
29:39 Chain Barding Armor
29:31 Bloodlines
29:22 Husbandry
31:08 Iron Casting
31:14 Conscription
31:06 Elite Leitis
33:22 Heavy Plow
35:59 Crop Rotation
36:38 Two-Man Saw
38:20 Chemistry
39:36 Bombard Tower
40:17 Fletching
42:20 Bodkin Arrow
45:28 Bracer
52:54 Hand Cart
Saarba
10:47 Feudal Age
12:41 Loom
15:21 Castle Age
14:31 Horse Collar
14:37 Double-Bit Axe
22:51 Wheelbarrow
24:00 Bow Saw
25:42 Hand Cart
25:32 Heavy Plow
31:27 Imperial Age
28:50 Gold Mining
30:19 Town Watch
30:29 Stone Mining
30:54 Town Watch
32:59 Siege Engineers
33:56 Chemistry
32:42 Elite Organ Gun
35:07 Arquebus
37:05 Conscription
37:00 Fortified Wall
36:46 Murder Holes
36:43 Fletching
37:45 Stone Shaft Mining
38:25 Bodkin Arrow
42:59 Forging
42:49 Scale Mail Armor
42:51 Bracer
42:55 Pikeman
43:20 Arson
44:57 Two-Man Saw
44:36 Halberdier
45:52 Iron Casting
45:32 Chain Mail Armor
47:25 Crop Rotation
49:21 Blast Furnace
48:51 Plate Mail Armor
54:54 Coinage
54:36 Guilds
NitwoL
11:04 Feudal Age
13:01 Loom
15:16 Castle Age
13:05 Loom
14:02 Double-Bit Axe
17:03 Bow Saw
27:30 Imperial Age
25:37 Wheelbarrow
27:13 Chemistry
27:12 Horse Collar
31:17 Padded Archer Armor
39:02 Leather Archer Armor
39:08 Ballistics
40:32 Wagenburg Tactics
41:03 Ring Archer Armor
40:30 Light Cavalry
46:44 Houfnice
47:54 Elite Skirmisher
48:26 Fletching
48:47 Forging
48:45 Pikeman
49:26 Squires
50:19 Halberdier
54:43 Scale Mail Armor
55:19 Iron Casting
56:26 Bodkin Arrow
56:47 Chain Mail Armor
57:33 Blast Furnace
56:20 Arson
Connection lost

Rejoining the realm…

Still unreachable

The connection could not be restored.

Session expired

The server has moved on; the page needs a fresh start.